 Dungeon Crawl Stone Soup version 0.31-a0-177-g4aa6249778 (webtiles) character file.

Game seed: 11838348783111282117

149625 qw the Severer (level 17, -3/111 HPs)
             Began as a Gargoyle Fighter on June 18, 2023.
             Was an Elder of Okawaru.
             Slain by a merfolk
             ... wielding a +0 glaive
             ... led by a merfolk impaler
              (9 damage)
             ... on level 2 of the Shoals.
             The game lasted 00:15:39 (26535 turns).

qw the Severer (Gargoyle Fighter)                  Turns: 26535, Time: 00:15:39

Health: -3/111     AC: 46    Str: 21 (26) XL:     17   Next: 51%
Magic:  22/24      EV:  9    Int:  4 (9)  God:    Okawaru [****..]
Gold:   507        SH: 16    Dex: 11 (17) Spells: 16/16 levels left

rFire   + . .        Y - +2 broad axe (heavy)
rCold   . . .        u - +2 kite shield
rNeg    + . .        I - +1 plate armour {rC+}
rPois   inf          b - +1 helmet
rElec   +            k - scarf "Igeot" {shadows, rC- Str-2 Dex+8}
rCorr   .            g - +2 pair of gloves
SInv    .            w - +2 pair of boots
Will    +....        B - amulet of faith Stlth
                     m - +4 ring of protection
HPRegen 0.38/turn    E - ring of protection from fire
MPRegen 0.19/turn

%: faith
@: heroic, flying
A: sickness immunity, AC +12, big wings, negative energy resistance 1,
electricity resistance, torment resistance 1, petrification resistance
a: Renounce Religion, Heroism, Finesse


You were on level 2 of the Shoals.
You worshipped Okawaru.
Okawaru was greatly pleased with you.
You visited 6 branches of the dungeon, and saw 28 of its levels.

You collected 4086 gold pieces.
You spent 3579 gold pieces at shops.


Innate Abilities, Weirdness & Mutations

You are immune to sickness and miasma.
Your stone body is resilient. (AC +12)
You are immune to poison.
Your large and strong wings let you fly.
You resist negative energy. (rN+)
You are resistant to electric shocks. (rElec)
You are resistant to unholy torment.
You are immune to petrification.


   Skills:
 - Level 14.0(19.0) Fighting
 - Level 18.0(23.0) Axes
 - Level 7.5(12.5) Throwing
 + Level 13.6(18.6) Armour
 - Level 3.0(8.0) Dodging
 - Level 14.0(19.0) Shields
 - Level 10.0 Invocations


You had 16 spell levels left.
You didn't know any spells.
Your spell library was empty.

Inventory:

Hand Weapons
 h - a +3 war axe of flaming
 Y - a +2 heavy broad axe (weapon)
Missiles
 n - 4 silver boomerangs (quivered)
 H - 4 boomerangs
Armour
 b - a +1 helmet (worn)
 c - +0 acid dragon scales
 g - a +2 pair of gloves (worn)
 k - the scarf "Igeot" (worn) {shadows, rC- Str-2 Dex+8}
   (Okawaru gifted it to you on level 5 of the Lair of Beasts)

   Str:       It affects your strength (-2).
   Dex:       It affects your dexterity (+8).
   rC:        It makes you vulnerable to cold.
 u - a +2 kite shield (worn)
 w - a +2 pair of boots (worn)
 z - the +2 scale mail "Urioq" {-Cast rC++ Regen+}
   (You found it on level 13 of the Dungeon)

   rC:        It greatly protects you from cold.
   -Cast:     It prevents spellcasting.
   Regen:     It increases your rate of health regeneration.
 A - a +0 plate armour of fire resistance
 I - a +1 plate armour of cold resistance (worn)
Jewellery
 a - an amulet of regeneration
 m - a +4 ring of protection (left hand)
 q - a ring of protection from cold
 y - a ring of resist corrosion
 B - an amulet of faith (around neck)
 C - the ring "Dufiywnushu" {Fire rElec rPois Dex+2}
   (You bought it in a shop on level 15 of the Dungeon)

   [ring of fire]

   It enhances your fire magic.
   Dex:       It affects your dexterity (+2).
   rF:        It protects you from fire.
   rC:        It makes you vulnerable to cold.
   rElec:     It insulates you from electricity.
   rPois:     It protects you from poison.
 D - the ring of Qyamyq {Ice rN+ Dex+3}
   (You bought it in a shop on level 15 of the Dungeon)

   [ring of ice]

   It enhances your ice magic.
   Dex:       It affects your dexterity (+3).
   rF:        It makes you vulnerable to fire.
   rC:        It protects you from cold.
   rN:        It protects you from negative energy.
 E - a ring of protection from fire (right hand)
 F - a ring of resist corrosion
 K - a ring of protection from cold
Wands
 G - a wand of digging (11)
Scrolls
 s - 11 scrolls of identify
Potions
 d - 4 potions of might
 e - 4 potions of cancellation
 i - 5 potions of lignification
 j - 3 potions of enlightenment
 o - 2 potions of resistance
 p - 3 potions of mutation
 r - 3 potions of haste
 v - 2 potions of attraction
 x - 4 potions of magic

Dungeon Overview and Level Annotations

Branches:
Dungeon (15/15)            Temple (1/1) D:5            Lair (5/5) D:8
 Shoals (2/4) Lair:2       Spider (3/4) Lair:2        Slime (0/5) Lair:4
    Orc (2/2) D:9             Elf (0/3) Orc:2        Vaults (0/5) D:13
 Depths (0/4) D:15

Altars:
Ashenzari
Cheibriados
Dithmenos
Elyvilon
Fedhas
Gozag
Hepliaklqana
Kikubaaqudgha
Makhleb
Nemelex Xobeh
Okawaru
Qazlal
Ru
Sif Muna
Trog
Uskayaw
Vehumet
Wu Jian
Xom
Yredelemnul
Zin
The Shining One
Jiyva

Shops:
D:1 *(!   D:3 ?   D:4 :   D:5 ?   D:15 *:=*   Orc:1 ?   Orc:2 =:[[

Annotations:
D:2 1 runed translucent door, Crazy Yiuf
D:8 1 transporter
D:9 2 transporters
D:10 2 runed translucent doors, qw's ghost, novice NaHu
Shoals:1 Louise


Message History

You kill the manticore!
The manticore's corpse disappears in a puff of smoke!
You hit something. Okawaru accepts your kill.
Reactivating autopickup.
The lindwurm disappears in a puff of smoke!
You feel a bit more experienced.
No longer under Kirke's spell, the hogs return to their human forms!
You feel like a meek peon again.
The merfolk impaler hits you from afar with a +2 trident of flaming!
The merfolk impaler burns you.
The merfolk barely misses the human.
The merfolk hits the human with a +0 trident!
The human barely misses the human.
You block the merfolk impaler's attack.
26532 ||| INVOKING Heroism.
You gain the combat prowess of a mighty hero.
You can no longer enter into single combat with a foe.
Okawaru will no longer gift you equipment.
The human shouts! x3
You block the merfolk impaler's attack.
The merfolk hits you from afar with a +0 glaive.
The merfolk impaler hits you but does no damage.
You slice the human like a ripe choko!!!
You kill the human!
That felt strangely unrewarding.
The merfolk closely misses you. You block the merfolk impaler's attack.
The merfolk hits you but does no damage.
You slash the human!
The human is moderately wounded.
The merfolk impaler hits you but does no damage.
You block the merfolk's attack. x2
The merfolk hits you from afar with a +0 trident.
The merfolk impaler hits you but does no damage.
A merfolk impaler comes into view.
It is wielding a +2 demon trident of freezing.
The human splashes around in the water.
You barely miss the human.
The human is moderately wounded.
The merfolk impaler shouts!
You block the merfolk impaler's attack.
The merfolk hits you from afar with a +0 glaive!
You die...

P~~~~~~... ~~
PP~~~~~~.# ~~~
~~~~~~~~.###~~~
~~~~~~~~~...~~P
~~~~~~~p~~~~P~~
~~~~~~mmpm~~~~~
~~~~~~~~pp~~~m~
~~~~~~~@~m~~~~~
~~~~~~~~~m~~~~~
~~~~~~~~~~~~~~~
~~~~~~~~~~~~~~~
~~~~~~~~~~~~~~~
~~~~~~~~~~~~~~~
~~~~~~~~~~~~~~~
###############


You could see 2 merfolk impalers, 4 merfolk and 4 humans.

Vanquished Creatures
  Kirke (Shoals:2)
  Frances (Spider:2)
  An emperor scorpion (Spider:1)
  7 ghost moths
  An orc warlord (Orc:2)
  5 broodmothers
  4 dire elephants (Lair:5)
  A spark wasp (Spider:3)
  A merfolk impaler (Shoals:2)
  Josephine (D:10)
  4 entropy weavers
  6 hydras
  A vault guard (D:13)
  Erica (D:11)
  An ogre mage (D:15)
  2 radroaches
  5 two-headed ogres
  2 boulder beetles
  A death knight (D:15)
  5 centaur warriors
  12 death yaks
  3 demonic crawlers
  3 orc high priests (Orc:2)
  Sonja (Lair:5)
  2 skysharks
  Amaemon (Lair:1)
  3 pharaoh ants
  3 sea snakes (Shoals:2)
  7 skeletal warriors
  Lodul (D:13)
  A spectral anaconda (Lair:5)
  An iron troll (D:13)
  A sun moth (Spider:2)
  A wizard (D:15)
  7 slime creatures (D:13)
  A lindwurm (Lair:5)
  4 necromancers
  An obsidian statue (Lair:5)
  Pikel (D:7)
  3 steelbarb worms (Spider:3)
  3 orb spiders
  4 deep elf pyromancers
  13 wolf spiders
  8 cyclopes
  5 orc knights (Orc:2)
  9 orc sorcerers
  3 moths of wrath
  An oklob plant (Lair:3)
  3 manticores
  13 ugly things
  A faun (Shoals:2)
  16 elephants
  A salamander (shapeshifter) (D:13)
  Joseph (D:7)
  2 merfolk sirens
  A dire elephant zombie (Lair:5)
  A naga mage (D:15)
  A black mamba (Lair:5)
  12 cane toads
  3 centaur skeletons (D:15)
  6 torpor snails
  2 gargoyles
  A dire elephant skeleton (Lair:5)
  An orange demon (Lair:1)
  4 komodo dragons
  4 rime drakes
  Psyche (D:11)
  A kobold demonologist (D:10)
  A freezing wraith (D:15)
  6 trolls
  A merfolk (shapeshifter) (D:15)
  2 polar bears
  3 merfolk (Shoals:2)
  20 tarantellas
  A tarantella (shapeshifter) (D:13)
  2 hornets
  A wind drake (Shoals:2)
  12 blink frogs
  12 dream sheep
  Grinder (D:6)
  2 spectral elephants (Lair:5)
  24 jumping spiders
  2 centaur simulacra
  11 culicivoras
  6 wraiths
  A water elemental (Shoals:2)
  3 wyverns
  29 yaks
  A hog (Shoals:2)
  2 humans
  5 basilisks
  32 redbacks
  8 vampire mosquitoes
  3 death yak simulacra (Lair:5)
  7 wargs
  A spectral cane toad (Lair:5)
  2 steam dragons
  2 acid dragons
  Duvessa (D:7)
  12 water moccasins
  2 sky beasts
  17 orc warriors
  4 black bears
  2 ice beasts
  15 centaurs
  9 wolves
  16 ogres
  2 elephant skeletons (Lair:5)
  5 phantoms
  2 kobold brigands (D:8)
  2 lemures (D:7)
  9 bullfrogs
  A necrophage (D:12)
  A wyvern zombie (D:8)
  A cane toad simulacrum (Lair:5)
  7 scorpions
  14 wights
  Dowan (D:7)
  27 killer bees
  An elephant simulacrum (Lair:5)
  A howler monkey (D:9)
  2 electric eels (Lair:1)
  A crimson imp (D:12)
  4 centaur zombies (D:8)
  4 jellies
  12 orc priests
  6 hounds
  4 gnoll boudas
  Terence (D:2)
  14 orc wizards
  3 sleepcaps (D:5)
  Natasha (thrice) (D:2)
  3 iguanas
  Ijyb (D:3)
  2 killer bee zombies (D:8)
  Robin (D:4)
  20 gnolls
  6 adders
  A howler monkey zombie (D:8)
  2 shadow imps
  3 white imps
  2 ufetubi
  4 worms
  7 dart slugs
  42 orcs
  6 ball pythons
  3 endoplasms
  3 giant cockroaches
  16 goblins
  8 hobgoblins
  9 jackals
  4 quokkas
  6 bats
  2 frilled lizards (D:3)
  16 kobolds
  5 rats (D:1)
810 creatures vanquished.

Vanquished Creatures (others)
  A jumping spider (Spider:2)
  2 orcs (Orc:2)
3 creatures vanquished.

Grand Total: 813 creatures vanquished

Notes
Turn   | Place    | Note
-------+----------+-------------------------------------------
     0 | D:1      | qw the Gargoyle Fighter began the quest for the Orb.
     0 | D:1      | Reached XP level 1. HP: 14/14 MP: 1/1
     0 | D:1      | 0 ||| qw: Version: 0.3-a-5-g6f28e65
     0 | D:1      | 0 ||| qw: Game counter: 577
     0 | D:1      | 0 ||| qw: Always use a shield: true
     0 | D:1      | 0 ||| qw: God list: Okawaru
     0 | D:1      | 0 ||| qw: Allow faded altars: false
     0 | D:1      | 0 ||| qw: Do Orc after D:15 true
     0 | D:1      | 0 ||| qw: Do second Lair branch before Depths: true
     0 | D:1      | 0 ||| qw: Lair rune preference: random
     0 | D:1      | 0 ||| qw: Plans: Normal, Zot:1-4, Slime:5, God:TSO, Crypt,
                  | Tomb, Abyss, Pan, Hells, Win
     0 | D:1      | 0 ||| PLANNING D:1-11
    15 | D:1      | 15 ||| Stepping ~*~*~tactically~*~*~ (stealth).
    26 | D:1      | Reached skill level 2 in Axes
    87 | D:1      | 87 ||| Stepping ~*~*~tactically~*~*~ (hiding).
    88 | D:1      | 88 ||| Stepping ~*~*~tactically~*~*~ (hiding).
    92 | D:1      | 92 ||| Stepping ~*~*~tactically~*~*~ (stealth).
   100 | D:1      | Reached XP level 2. HP: 16/19 MP: 2/2
   122 | D:1      | Found Gonye's Weapon Shoppe.
   129 | D:1      | 129 ||| SHOPLISTING +2 flail of holy wrath (219 gold, have
                  | 17).
   129 | D:1      | 129 ||| SHOPLISTING +2 whip of venom (180 gold, have 17).
   129 | D:1      | 129 ||| SHOPLISTING +4 eveningstar of protection (480 gold,
                  | have 17).
   190 | D:1      | 190 ||| Stepping ~*~*~tactically~*~*~ (hiding).
   191 | D:1      | 191 ||| Stepping ~*~*~tactically~*~*~ (hiding).
   329 | D:1      | Found Jiephuel's Distillery.
   338 | D:1      | 338 ||| SHOPLISTING potion of attraction (30 gold, have
                  | 27).
   338 | D:1      | 338 ||| SHOPLISTING potion of curing (30 gold, have 27).
   338 | D:1      | 338 ||| SHOPLISTING potion of heal wounds (50 gold, have
                  | 27).
   338 | D:1      | 338 ||| SHOPLISTING potion of lignification (30 gold, have
                  | 27).
   556 | D:1      | Found Dial's Assorted Antiques.
   570 | D:1      | Reached skill level 3 in Axes
   604 | D:1      | 604 ||| DROPPING +0 whip.
   612 | D:1      | 612 ||| SHOPLISTING bone ring (110 gold, have 47).
   612 | D:1      | 612 ||| SHOPLISTING chain mail (99 gold, have 47).
   612 | D:1      | 612 ||| BUYING coppery potion (19 gold).
   612 | D:1      | Bought a coppery potion for 19 gold pieces
   612 | D:1      | 612 ||| BUYING puce potion (19 gold).
   612 | D:1      | Bought a puce potion for 19 gold pieces
   612 | D:1      | 612 ||| SHOPLISTING scroll labelled CYUBLU LELEING (22
                  | gold, have 9).
   612 | D:1      | 612 ||| SHOPLISTING scroll labelled LOTHRU SOGGECE (22
                  | gold, have 9).
   612 | D:1      | 612 ||| SHOPLISTING scroll labelled XAUMIV NUORAW (22 gold,
                  | have 9).
   662 | D:1      | Reached XP level 3. HP: 21/23 MP: 3/3
   809 | D:1      | 809 ||| READING scroll labelled JERENU YMIDOOKHI.
   810 | D:1      | 810 ||| READING scroll labelled CYUBLU LELEING.
   813 | D:1      | 813 ||| READING scroll labelled XOGAXT ARGHOISU.
   814 | D:1      | 814 ||| READING scroll labelled ATANAUFRU.
   815 | D:1      | 815 ||| READING scroll labelled EHOAKKOONEWK.
   916 | D:1      | 916 ||| READING scroll labelled FAG PEINEATU.
   916 | D:1      | Identified a scroll of acquirement
   916 | D:1      | 916 ||| ACQUIRING amulet of regeneration
   916 | D:1      | Acquired an amulet of regeneration
   918 | D:1      | 918 ||| UPGRADING to amulet of regeneration.
   923 | D:1      | 923 ||| READING scroll labelled YJOISTR PUIT.
  1004 | D:2      | Identified the +7 short sword of the Sun {freeze, rElec rC-
                  | rCorr}
  1112 | D:2      | Noticed Terence
  1119 | D:2      | Killed Terence
  1120 | D:2      | Reached XP level 4. HP: 16/28 MP: 4/4
  1194 | D:2      | 1194 ||| DROPPING +0 mace.
  1203 | D:2      | Noticed Natasha
  1204 | D:2      | 1204 ||| Stepping ~*~*~tactically~*~*~ (hiding).
  1205 | D:2      | 1205 ||| Stepping ~*~*~tactically~*~*~ (hiding).
  1206 | D:2      | 1206 ||| Stepping ~*~*~tactically~*~*~ (hiding).
  1216 | D:2      | Killed Natasha
  1217 | D:2      | Reached skill level 4 in Axes
  1219 | D:2      | Noticed Natasha
  1232 | D:2      | Killed Natasha
  1233 | D:2      | Reached XP level 5. HP: 31/32 MP: 5/5
  1256 | D:2      | 1256 ||| Stepping ~*~*~tactically~*~*~ (stealth).
  1564 | D:2      | Found a faded altar of an unknown god.
  1757 | D:2      | Noticed Natasha
  1778 | D:2      | Killed Natasha
  1779 | D:2      | Reached skill level 5 in Axes
  1895 | D:2      | Found a runed translucent door.
  1896 | D:2      | Noticed Crazy Yiuf
  2045 | D:2      | 2045 ||| UPGRADING to +1 pair of boots.
  2050 | D:2      | 2050 ||| UPGRADING to +0 pair of gloves.
  2055 | D:2      | 2055 ||| UPGRADING to +0 chain mail.
  2065 | D:2      | 2065 ||| DROPPING +0 scale mail.
  2066 | D:2      | 2066 ||| READING scroll labelled YZXAIS BESUHUP.
  2072 | D:2      | 2072 ||| READING scroll labelled IPOUBOI TUTE.
  2073 | D:2      | 2073 ||| DRINKING 2 fizzy silvery potions.
  2138 | D:3      | Noticed Ijyb
  2139 | D:3      | 2139 ||| Stepping ~*~*~tactically~*~*~ (hiding).
  2157 | D:3      | Killed Ijyb
  2158 | D:3      | Reached XP level 6. HP: 37/38 MP: 6/6
  2326 | D:3      | 2326 ||| Stepping ~*~*~tactically~*~*~ (stealth).
  2328 | D:3      | 2328 ||| Stepping ~*~*~tactically~*~*~ (stealth).
  2339 | D:3      | 2339 ||| Stepping ~*~*~tactically~*~*~ (hiding).
  2359 | D:3      | 2359 ||| Stepping ~*~*~tactically~*~*~ (stealth).
  2360 | D:3      | 2360 ||| Stepping ~*~*~tactically~*~*~ (stealth).
  2381 | D:3      | 2381 ||| READING scroll of enchant armour.
  2381 | D:3      | 2381 ||| ENCHANTING +0 pair of gloves.
  2638 | D:3      | 2638 ||| Stepping ~*~*~tactically~*~*~ (hiding).
  2759 | D:3      | Found Womef's Magic Scroll Shoppe.
  2765 | D:3      | 2765 ||| BUYING scroll of brand weapon (104 gold).
  2765 | D:3      | Bought a scroll of brand weapon for 104 gold pieces
  2765 | D:3      | 2765 ||| BUYING scroll of identify (22 gold).
  2765 | D:3      | Bought a scroll of identify for 22 gold pieces
  2765 | D:3      | 2765 ||| SHOPLISTING scroll of teleportation (33 gold, have
                  | 29).
  2765 | D:3      | 2765 ||| READING scroll of brand weapon.
  2765 | D:3      | 2765 ||| BRANDING +0 war axe of chaos.
  2766 | D:3      | 2766 ||| DROPPING +0 flail.
  2939 | D:3      | 2939 ||| DROPPING ring of wizardry.
  2940 | D:3      | 2940 ||| READING scroll labelled UDUCEA EROSH.
  2941 | D:3      | 2941 ||| DRINKING 3 puce potions.
  2997 | D:4      | Noticed Robin
  3009 | D:4      | Killed Robin
  3021 | D:4      | Reached skill level 6 in Axes
  3175 | D:4      | Found Bazic's Book Shop.
  3179 | D:4      | 3179 ||| Stepping ~*~*~tactically~*~*~ (hiding).
  3182 | D:4      | 3182 ||| Stepping ~*~*~tactically~*~*~ (hiding).
  3186 | D:4      | Reached XP level 7. HP: 43/43 MP: 7/7
  3325 | D:4      | 3325 ||| Stepping ~*~*~tactically~*~*~ (hiding).
  3328 | D:4      | 3328 ||| Stepping ~*~*~tactically~*~*~ (hiding).
  3330 | D:4      | 3330 ||| Stepping ~*~*~tactically~*~*~ (stealth).
  3340 | D:4      | Reached skill level 1 in Dodging
  3487 | D:4      | 3487 ||| UPGRADING to +0 helmet.
  3492 | D:4      | 3492 ||| DRINKING 3 coppery potions.
  3493 | D:4      | 3493 ||| READING 2 scrolls of identify.
  3493 | D:4      | 3493 ||| IDENTIFYING fizzy purple potion
  3494 | D:4      | 3494 ||| DROPPING potion of degeneration.
  3536 | D:5      | Entered Level 5 of the Dungeon
  3561 | D:5      | Reached skill level 7 in Axes
  3617 | D:5      | 3617 ||| Stepping ~*~*~tactically~*~*~ (hiding).
  3619 | D:5      | 3619 ||| Stepping ~*~*~tactically~*~*~ (hiding).
  3624 | D:5      | 3624 ||| Stepping ~*~*~tactically~*~*~ (stealth).
  3631 | D:5      | 3631 ||| Stepping ~*~*~tactically~*~*~ (stealth).
  3632 | D:5      | 3632 ||| Stepping ~*~*~tactically~*~*~ (stealth).
  3655 | D:5      | 3655 ||| STAIRDANCE
  3695 | D:5      | Reached XP level 8. HP: 49/49 MP: 8/8
  3713 | D:5      | Found a staircase to the Ecumenical Temple.
  3714 | D:5      | 3714 ||| PLANNING TEMPLE
  3721 | Temple   | Entered the Ecumenical Temple
  3832 | Temple   | 3832 ||| PLANNING OKAWARU WORSHIP
  4032 | Temple   | Became a worshipper of Warmaster Okawaru
  4033 | Temple   | 4033 ||| PLANNING D:1-11
  4247 | D:5      | Reached skill level 1 in Throwing
  4320 | D:5      | 4320 ||| Stepping ~*~*~tactically~*~*~ (stealth).
  4327 | D:5      | 4327 ||| Stepping ~*~*~tactically~*~*~ (stealth).
  4350 | D:5      | Reached skill level 8 in Axes
  4564 | D:5      | 4564 ||| Stepping ~*~*~tactically~*~*~ (stealth).
  4586 | D:5      | Reached * piety under Okawaru
  4587 | D:5      | Reached skill level 6 in Fighting
  4700 | D:5      | Reached skill level 1 in Invocations
  4714 | D:5      | Found Duequst's Magic Scroll Emporium.
  4717 | D:5      | 4717 ||| BUYING scroll of enchant armour (105 gold).
  4717 | D:5      | Bought a scroll of enchant armour for 105 gold pieces
  4717 | D:5      | 4717 ||| BUYING scroll of identify (28 gold).
  4717 | D:5      | Bought a scroll of identify for 28 gold pieces
  4717 | D:5      | 4717 ||| READING scroll of enchant armour.
  4717 | D:5      | 4717 ||| ENCHANTING +1 pair of gloves.
  4822 | D:5      | 4822 ||| INVOKING Heroism.
  4885 | D:5      | 4885 ||| Stepping ~*~*~tactically~*~*~ (hiding).
  5172 | D:5      | 5172 ||| DROPPING orb of guile.
  5173 | D:5      | 5173 ||| READING scroll labelled BICYTS GUTU.
  5174 | D:5      | 5174 ||| READING 2 scrolls of identify.
  5174 | D:5      | 5174 ||| IDENTIFYING grey potion
  5175 | D:5      | 5175 ||| DROPPING potion of berserk rage.
  5245 | D:6      | 5245 ||| Stepping ~*~*~tactically~*~*~ (hiding).
  5255 | D:6      | Reached XP level 9. HP: 55/55 MP: 10/10
  5269 | D:6      | Noticed Grinder
  5270 | D:6      | 5270 ||| INVOKING Heroism.
  5276 | D:6      | Reached skill level 3 in Invocations
  5282 | D:6      | Paralysed by Grinder for 5 turns
  5287 | D:6      | 5287 ||| INVOKING Heroism.
  5292 | D:6      | Killed Grinder
  5454 | D:6      | Reached skill level 9 in Axes
  5618 | D:6      | 5618 ||| Stepping ~*~*~tactically~*~*~ (hiding).
  5962 | D:6      | 5962 ||| UPGRADING to ring of resist corrosion.
  5963 | D:6      | 5963 ||| UPGRADING to ring of protection from cold.
  5964 | D:6      | 5964 ||| READING scroll labelled GYZERA OLUFY.
  6001 | D:7      | Reached ** piety under Okawaru
  6023 | D:7      | 6023 ||| Stepping ~*~*~tactically~*~*~ (stealth).
  6024 | D:7      | 6024 ||| Stepping ~*~*~tactically~*~*~ (stealth).
  6028 | D:7      | Noticed Dowan
  6028 | D:7      | Noticed Duvessa
  6029 | D:7      | 6029 ||| Stepping ~*~*~tactically~*~*~ (hiding).
  6030 | D:7      | 6030 ||| Stepping ~*~*~tactically~*~*~ (hiding).
  6034 | D:7      | 6034 ||| INVOKING Heroism.
  6044 | D:7      | Killed Dowan
  6047 | D:7      | Killed Duvessa
  6078 | D:7      | 6078 ||| INVOKING Heroism.
  6083 | D:7      | Noticed Joseph
  6105 | D:7      | Killed Joseph
  6106 | D:7      | Reached skill level 10 in Axes
  6106 | D:7      | Reached XP level 10. HP: 51/63 MP: 13/13
  6206 | D:7      | Noticed Pikel
  6214 | D:7      | Killed Pikel
  6215 | D:7      | Reached skill level 6 in Armour
  6342 | D:7      | 6342 ||| READING scroll of acquirement.
  6342 | D:7      | 6342 ||| ACQUIRING +1 antimagic broad axe
  6342 | D:7      | Acquired a +1 antimagic broad axe
  6352 | D:7      | 6352 ||| Stepping ~*~*~tactically~*~*~ (hiding).
  6449 | D:7      | 6449 ||| Stepping ~*~*~tactically~*~*~ (stealth).
  6576 | D:7      | 6576 ||| READING scroll of enchant weapon.
  6576 | D:7      | 6576 ||| ENCHANTING +1 war axe of flaming.
  6698 | D:7      | Reached *** piety under Okawaru
  6728 | D:8      | 6728 ||| INVOKING Heroism.
  6769 | D:8      | 6769 ||| Stepping ~*~*~tactically~*~*~ (stealth).
  6775 | D:8      | 6775 ||| INVOKING Heroism.
  6828 | D:8      | 6828 ||| Stepping ~*~*~tactically~*~*~ (stealth).
  6833 | D:8      | 6833 ||| Stepping ~*~*~tactically~*~*~ (hiding).
  6836 | D:8      | 6836 ||| Stepping ~*~*~tactically~*~*~ (hiding).
  6973 | D:8      | 6973 ||| INVOKING Heroism.
  7069 | D:8      | Reached skill level 11 in Axes
  7099 | D:8      | 7099 ||| Stepping ~*~*~tactically~*~*~ (hiding).
  7165 | D:8      | 7165 ||| Stepping ~*~*~tactically~*~*~ (hiding).
  7185 | D:8      | 7185 ||| Stepping ~*~*~tactically~*~*~ (stealth).
  7186 | D:8      | 7186 ||| Stepping ~*~*~tactically~*~*~ (stealth).
  7188 | D:8      | 7188 ||| INVOKING Heroism.
  7190 | D:8      | 7190 ||| Stepping ~*~*~tactically~*~*~ (cloud).
  7211 | D:8      | Found a transporter.
  7230 | D:8      | Found a staircase to the Lair.
  7429 | D:8      | Identified the +3 ring mail "Heshuizu" {Rampage +Blink
                  | rPois Will-}
  7914 | D:8      | 7914 ||| PLANNING LAIR
  7914 | D:8      | 7914 ||| DROPPING +3 ring mail "Heshuizu" {Rampage +Blink
                  | rPois Will-}.
  7962 | Lair:1   | Entered Level 1 of the Lair of Beasts
  7962 | Lair:1   | Noticed Amaemon
  7962 | Lair:1   | Noticed an orange demon
  7963 | Lair:1   | 7963 ||| INVOKING Heroism.
  7972 | Lair:1   | Killed an orange demon
  7973 | Lair:1   | Reached skill level 9 in Fighting
  7973 | Lair:1   | Reached XP level 11. HP: 66/71 MP: 12/14
  7979 | Lair:1   | Killed Amaemon
  7988 | Lair:1   | Reached **** piety under Okawaru
  8239 | Lair:1   | 8239 ||| INVOKING Heroism.
  8328 | Lair:1   | 8328 ||| READING scroll of enchant weapon.
  8328 | Lair:1   | 8328 ||| ENCHANTING +2 war axe of flaming.
  8360 | Lair:1   | 8360 ||| INVOKING Heroism.
  8591 | Lair:1   | 8591 ||| INVOKING Heroism.
  8609 | Lair:1   | Received a gift from Okawaru
  8610 | Lair:1   | Reached skill level 6 in Invocations
  8803 | Lair:1   | 8803 ||| DRINKING 2 bubbling brown potions.
  8804 | Lair:1   | 8804 ||| READING 2 scrolls of identify.
  8804 | Lair:1   | 8804 ||| IDENTIFYING orange potion
  8805 | Lair:1   | 8805 ||| DROPPING potion of invisibility.
  8852 | Lair:2   | 8852 ||| INVOKING Heroism.
  8949 | Lair:2   | 8949 ||| INVOKING Heroism.
  8985 | Lair:2   | Reached skill level 12 in Axes
  9058 | Lair:2   | 9058 ||| DRINKING 3 potions of curing.
  9058 | Lair:2   | 9058 ||| (to cure confusion)
  9081 | Lair:2   | Found a hole to the Spider Nest.
  9081 | Lair:2   | Noticed a pharaoh ant
  9082 | Lair:2   | 9082 ||| INVOKING Heroism.
  9090 | Lair:2   | Killed a pharaoh ant
  9094 | Lair:2   | 9094 ||| DRINKING 2 potions of curing.
  9094 | Lair:2   | 9094 ||| (to cure confusion)
  9101 | Lair:2   | 9101 ||| Stepping ~*~*~tactically~*~*~ (stealth).
  9102 | Lair:2   | 9102 ||| Stepping ~*~*~tactically~*~*~ (stealth).
  9121 | Lair:2   | Noticed a five-headed hydra
  9122 | Lair:2   | 9122 ||| Stepping ~*~*~tactically~*~*~ (stealth).
  9123 | Lair:2   | 9123 ||| Stepping ~*~*~tactically~*~*~ (stealth).
  9124 | Lair:2   | 9124 ||| INVOKING Heroism.
  9127 | Lair:2   | 9127 ||| Stepping ~*~*~tactically~*~*~ (stealth).
  9133 | Lair:2   | Reached skill level 6 in Shields
  9140 | Lair:2   | Killed a one-headed hydra
  9141 | Lair:2   | Reached XP level 12. HP: 72/76 MP: 16/18
  9213 | Lair:2   | Reached ***** piety under Okawaru
  9340 | Lair:2   | Found a staircase to the Shoals.
  9630 | Lair:2   | 9630 ||| READING scroll labelled ZALIANG ETUSAT.
  9631 | Lair:2   | 9631 ||| DRINKING 2 viscous inky potions.
  9632 | Lair:2   | 9632 ||| READING 3 scrolls of identify.
  9632 | Lair:2   | 9632 ||| IDENTIFYING glowing purple potion
  9633 | Lair:2   | 9633 ||| READING 2 scrolls of identify.
  9633 | Lair:2   | 9633 ||| IDENTIFYING fuming brown potion
  9634 | Lair:2   | 9634 ||| DROPPING potion of ambrosia.
  9696 | Lair:3   | Reached skill level 3 in Throwing
  9696 | Lair:3   | Reached skill level 9 in Invocations
  9746 | Lair:3   | Noticed a four-headed hydra
  9747 | Lair:3   | 9747 ||| INVOKING Heroism.
  9756 | Lair:3   | Killed a one-headed hydra
  9816 | Lair:3   | Identified the +1 scale mail of Kyfitwu {rElec Will+}
                  | (Okawaru gifted it to you on level 3 of the Lair of Beasts)
  9816 | Lair:3   | Received a gift from Okawaru
  9859 | Lair:3   | 9859 ||| INVOKING Heroism.
  9912 | Lair:3   | 9912 ||| INVOKING Heroism.
  9916 | Lair:3   | 9916 ||| Stepping ~*~*~tactically~*~*~ (stealth).
  9917 | Lair:3   | 9917 ||| Stepping ~*~*~tactically~*~*~ (stealth).
  9959 | Lair:3   | 9959 ||| INVOKING Heroism.
  9975 | Lair:3   | Reached skill level 13 in Axes
 10058 | Lair:3   | Found a bloodstained altar of Trog.
 10059 | Lair:3   | 10059 ||| INVOKING Heroism.
 10060 | Lair:3   | 10060 ||| INVOKING Finesse.
 10065 | Lair:3   | Noticed a death yak
 10067 | Lair:3   | Noticed a death yak
 10074 | Lair:3   | Noticed a death yak
 10075 | Lair:3   | 10075 ||| Stepping ~*~*~tactically~*~*~ (stealth).
 10093 | Lair:3   | Killed a death yak
 10097 | Lair:3   | Killed a death yak
 10098 | Lair:3   | Killed a death yak
 10099 | Lair:3   | Reached XP level 13. HP: 48/82 MP: 15/20
 10135 | Lair:3   | 10135 ||| INVOKING Heroism.
 10182 | Lair:3   | 10182 ||| INVOKING Heroism.
 10457 | Lair:3   | 10457 ||| Stepping ~*~*~tactically~*~*~ (water).
 10583 | Lair:3   | 10583 ||| DROPPING +1 scale mail of Kyfitwu {rElec Will+}.
 10584 | Lair:3   | 10584 ||| UPGRADING to ring of protection from cold.
 10586 | Lair:3   | 10586 ||| READING 2 scrolls of identify.
 10586 | Lair:3   | 10586 ||| IDENTIFYING smoky dark potion
 10603 | Lair:4   | 10603 ||| READING scroll of acquirement.
 10603 | Lair:4   | 10603 ||| ACQUIRING 1178 gold pieces
 10603 | Lair:4   | Acquired 1178 gold pieces
 10614 | Lair:4   | 10614 ||| INVOKING Heroism.
 10616 | Lair:4   | 10616 ||| Stepping ~*~*~tactically~*~*~ (stealth).
 10669 | Lair:4   | 10669 ||| INVOKING Heroism.
 10693 | Lair:4   | You fall into a shaft and drop 1 floor!
 10693 | Lair:5   | Entered Level 5 of the Lair of Beasts
 10747 | Lair:5   | Reached skill level 14 in Axes
 10787 | Lair:5   | 10787 ||| INVOKING Heroism.
 10842 | Lair:5   | 10842 ||| Stepping ~*~*~tactically~*~*~ (stealth).
 10843 | Lair:5   | 10843 ||| Stepping ~*~*~tactically~*~*~ (stealth).
 10898 | Lair:5   | Noticed a dire elephant
 10898 | Lair:5   | Noticed a dire elephant
 10898 | Lair:5   | Noticed a dire elephant
 10901 | Lair:5   | Noticed a dire elephant
 10902 | Lair:5   | 10902 ||| Stepping ~*~*~tactically~*~*~ (stealth).
 10904 | Lair:5   | 10904 ||| INVOKING Heroism.
 10927 | Lair:5   | Killed a dire elephant
 11116 | Lair:5   | 11116 ||| DROPPING +0 ring mail of fire resistance.
 11117 | Lair:5   | 11117 ||| UPGRADING to +0 plate armour.
 11127 | Lair:5   | 11127 ||| DROPPING +0 chain mail.
 11128 | Lair:5   | 11128 ||| DROPPING +6 ring of intelligence.
 11313 | Lair:4   | Found a viscous altar of Jiyva.
 11316 | Lair:4   | 11316 ||| FLEEEEING.
 11317 | Lair:4   | 11317 ||| FLEEEEING.
 11318 | Lair:4   | 11318 ||| FLEEEEING.
 11319 | Lair:4   | 11319 ||| FLEEEEING.
 11320 | Lair:4   | 11320 ||| FLEEEEING.
 11321 | Lair:4   | 11321 ||| FLEEEEING.
 11322 | Lair:4   | 11322 ||| FLEEEEING.
 11323 | Lair:4   | 11323 ||| FLEEEEING.
 11324 | Lair:4   | 11324 ||| FLEEEEING.
 11325 | Lair:4   | 11325 ||| FLEEEEING.
 11326 | Lair:4   | 11326 ||| FLEEEEING.
 11327 | Lair:4   | 11327 ||| FLEEEEING.
 11328 | Lair:4   | 11328 ||| FLEEEEING.
 11329 | Lair:4   | 11329 ||| FLEEEEING.
 11331 | Lair:4   | 11331 ||| FLEEEEING.
 11332 | Lair:4   | 11332 ||| FLEEEEING.
 11333 | Lair:4   | 11333 ||| FLEEEEING.
 11335 | Lair:4   | 11335 ||| FLEEEEING.
 11336 | Lair:4   | 11336 ||| FLEEEEING.
 11337 | Lair:4   | 11337 ||| FLEEEEING.
 11338 | Lair:4   | 11338 ||| FLEEEEING.
 11339 | Lair:4   | 11339 ||| FLEEEEING.
 11340 | Lair:4   | 11340 ||| FLEEEEING.
 11341 | Lair:4   | 11341 ||| FLEEEEING.
 11342 | Lair:4   | 11342 ||| FLEEEEING.
 11343 | Lair:4   | 11343 ||| FLEEEEING.
 11346 | Lair:4   | 11346 ||| FLEEEEING.
 11587 | Lair:4   | Found a staircase to the Slime Pits.
 11682 | Lair:5   | Reached skill level 9 in Armour
 11745 | Lair:5   | 11745 ||| Stepping ~*~*~tactically~*~*~ (hiding).
 11851 | Lair:5   | Noticed Sonja
 11852 | Lair:5   | 11852 ||| Stepping ~*~*~tactically~*~*~ (stealth).
 11853 | Lair:5   | 11853 ||| INVOKING Finesse.
 11859 | Lair:5   | Killed Sonja
 11935 | Lair:5   | 11935 ||| Stepping ~*~*~tactically~*~*~ (stealth).
 11984 | Lair:5   | 11984 ||| INVOKING Heroism.
 12027 | Lair:5   | 12027 ||| Stepping ~*~*~tactically~*~*~ (stealth).
 12029 | Lair:5   | 12029 ||| Stepping ~*~*~tactically~*~*~ (stealth).
 12031 | Lair:5   | 12031 ||| INVOKING Finesse.
 12032 | Lair:5   | 12032 ||| Stepping ~*~*~tactically~*~*~ (stealth).
 12042 | Lair:5   | 12042 ||| INVOKING Heroism.
 12052 | Lair:5   | Received a gift from Okawaru
 12063 | Lair:5   | Gained mutation: Your large and strong wings let you fly.
                  | [Gargoyle growth]
 12063 | Lair:5   | Reached XP level 14. HP: 58/90 MP: 15/21
 12063 | Lair:5   | 12063 ||| SWAPPING to +1 antimagic broad axe.
 12342 | Lair:5   | Reached skill level 15 in Axes
 12376 | Lair:5   | Received a gift from Okawaru
 12401 | Lair:5   | 12401 ||| INVOKING Heroism.
 12402 | Lair:5   | 12402 ||| INVOKING Finesse.
 12518 | Lair:5   | 12518 ||| INVOKING Heroism.
 12531 | Lair:5   | Killed a dire elephant
 12554 | Lair:5   | Killed a dire elephant
 12571 | Lair:5   | HP: 7/90 [dire elephant (25)]
 12572 | Lair:5   | 12572 ||| READING 5 scrolls of teleportation.
 12573 | Lair:5   | 12573 ||| DRINKING 2 potions of heal wounds.
 12574 | Lair:5   | 12574 ||| INVOKING Heroism.
 12753 | Lair:5   | 12753 ||| INVOKING Heroism.
 12883 | Lair:5   | 12883 ||| Stepping ~*~*~tactically~*~*~ (stealth).
 12885 | Lair:5   | 12885 ||| Stepping ~*~*~tactically~*~*~ (stealth).
 12887 | Lair:5   | 12887 ||| Stepping ~*~*~tactically~*~*~ (stealth).
 12889 | Lair:5   | 12889 ||| Stepping ~*~*~tactically~*~*~ (stealth).
 12891 | Lair:5   | 12891 ||| Stepping ~*~*~tactically~*~*~ (stealth).
 12892 | Lair:5   | 12892 ||| Stepping ~*~*~tactically~*~*~ (stealth).
 12894 | Lair:5   | 12894 ||| INVOKING Heroism.
 12909 | Lair:5   | Killed a dire elephant
 12909 | Lair:5   | Identified the scarf "Igeot" {shadows, rC- Str-2 Dex+8}
                  | (Okawaru gifted it to you on level 5 of the Lair of Beasts)
 12909 | Lair:5   | Received a gift from Okawaru
 12952 | Lair:5   | 12952 ||| READING scroll of enchant weapon.
 12952 | Lair:5   | 12952 ||| ENCHANTING +1 antimagic broad axe.
 13027 | Lair:5   | 13027 ||| INVOKING Heroism.
 13112 | Lair:5   | 13112 ||| PLANNING D:1-11
 13112 | Lair:5   | 13112 ||| READING 5 scrolls of identify.
 13112 | Lair:5   | 13112 ||| IDENTIFYING blue potion
 13265 | D:9      | 13265 ||| Stepping ~*~*~tactically~*~*~ (stealth).
 13276 | D:9      | Reached skill level 6 in Throwing
 13292 | D:9      | Found a staircase to the Orcish Mines.
 13367 | D:9      | 13367 ||| Stepping ~*~*~tactically~*~*~ (stealth).
 13376 | D:9      | Reached skill level 12 in Fighting
 13376 | D:9      | 13376 ||| Stepping ~*~*~tactically~*~*~ (stealth).
 13423 | D:9      | Identified the amulet of the Mauling Pariah {Reflect Int+3
                  | SH+5}
 13551 | D:9      | Found a bloodstained altar of Trog.
 13556 | D:9      | Found a transporter.
 13626 | D:9      | Found a transporter.
 13631 | D:9      | Found a blossoming altar of Fedhas.
 13633 | D:9      | 13633 ||| READING scroll labelled LOTHRU SOGGECE.
 13650 | D:10     | Entered Level 10 of the Dungeon
 13663 | D:10     | Noticed Josephine
 13683 | D:10     | Killed Josephine
 13688 | D:10     | 13688 ||| INVOKING Heroism.
 13779 | D:10     | Found a large runed translucent door.
 13779 | D:10     | Found a large runed translucent door.
 13782 | D:10     | Noticed qw's ghost (novice NaHu)
 14051 | D:10     | 14051 ||| Stepping ~*~*~tactically~*~*~ (hiding).
 14085 | D:10     | 14085 ||| Stepping ~*~*~tactically~*~*~ (stealth).
 14276 | D:10     | 14276 ||| Stepping ~*~*~tactically~*~*~ (hiding).
 14277 | D:10     | 14277 ||| INVOKING Heroism.
 14278 | D:10     | 14278 ||| INVOKING Finesse.
 14491 | D:10     | 14491 ||| UPGRADING to +2 kite shield.
 14501 | D:10     | 14501 ||| DROPPING +0 buckler.
 14502 | D:10     | 14502 ||| READING 5 scrolls of identify.
 14502 | D:10     | 14502 ||| IDENTIFYING viscous dark potion
 14503 | D:10     | 14503 ||| DROPPING potion of brilliance.
 14603 | D:11     | 14603 ||| Stepping ~*~*~tactically~*~*~ (hiding).
 14605 | D:11     | 14605 ||| Stepping ~*~*~tactically~*~*~ (hiding).
 14606 | D:11     | 14606 ||| Stepping ~*~*~tactically~*~*~ (hiding).
 14649 | D:11     | Noticed Psyche
 14667 | D:11     | 14667 ||| FLEEEEING.
 14668 | D:11     | 14668 ||| FLEEEEING.
 14669 | D:11     | 14669 ||| FLEEEEING.
 14670 | D:11     | 14670 ||| FLEEEEING.
 14671 | D:11     | 14671 ||| FLEEEEING.
 14672 | D:11     | 14672 ||| FLEEEEING.
 14673 | D:11     | 14673 ||| FLEEEEING.
 14674 | D:11     | 14674 ||| FLEEEEING.
 14675 | D:11     | 14675 ||| FLEEEEING.
 14685 | D:11     | Killed Psyche
 14692 | D:11     | 14692 ||| FLEEEEING.
 14693 | D:11     | 14693 ||| STAIRDANCE
 14891 | D:11     | 14891 ||| Stepping ~*~*~tactically~*~*~ (hiding).
 14892 | D:11     | 14892 ||| Stepping ~*~*~tactically~*~*~ (hiding).
 14977 | D:11     | 14977 ||| Stepping ~*~*~tactically~*~*~ (stealth).
 14992 | D:11     | 14992 ||| FLEEEEING.
 14993 | D:11     | 14993 ||| FLEEEEING.
 14994 | D:11     | 14994 ||| FLEEEEING.
 14995 | D:11     | 14995 ||| FLEEEEING.
 14996 | D:11     | 14996 ||| FLEEEEING.
 14997 | D:11     | 14997 ||| FLEEEEING.
 15018 | D:11     | Noticed Erica
 15019 | D:11     | 15019 ||| INVOKING Heroism.
 15020 | D:11     | 15020 ||| DRINKING potion of curing.
 15020 | D:11     | 15020 ||| (to cure confusion)
 15038 | D:11     | Killed Erica
 15234 | D:11     | 15234 ||| Stepping ~*~*~tactically~*~*~ (hiding).
 15236 | D:11     | 15236 ||| Stepping ~*~*~tactically~*~*~ (hiding).
 15237 | D:11     | 15237 ||| Stepping ~*~*~tactically~*~*~ (hiding).
 15332 | D:11     | 15332 ||| PLANNING D
 15367 | D:12     | 15367 ||| STAIRDANCE
 15390 | D:12     | 15390 ||| STAIRDANCE
 15553 | D:12     | Reached skill level 9 in Shields
 15792 | D:12     | 15792 ||| READING 5 scrolls of identify.
 15792 | D:12     | 15792 ||| IDENTIFYING glowing puce potion
 15884 | D:12     | 15884 ||| Stepping ~*~*~tactically~*~*~ (stealth).
 15965 | D:12     | Identified the +1 quarterstaff "Olasourgh" {flame, +Blink
                  | SInv}
 16020 | D:13     | Noticed Lodul
 16025 | D:13     | 16025 ||| STAIRDANCE
 16054 | D:13     | Reached XP level 15. HP: 88/96 MP: 7/22
 16066 | D:13     | Killed Lodul
 16144 | D:13     | 16144 ||| INVOKING Heroism.
 16154 | D:13     | Received a gift from Okawaru
 16308 | D:13     | Identified the +2 scale mail "Urioq" {-Cast rC++ Regen+}
 16411 | D:13     | 16411 ||| Stepping ~*~*~tactically~*~*~ (hiding).
 16418 | D:13     | 16418 ||| Stepping ~*~*~tactically~*~*~ (hiding).
 16478 | D:13     | 16478 ||| Stepping ~*~*~tactically~*~*~ (hiding).
 16761 | D:13     | 16761 ||| INVOKING Heroism.
 16762 | D:13     | 16762 ||| INVOKING Finesse.
 16774 | D:13     | 16774 ||| SWAPPING to +3 war axe of flaming.
 16798 | D:13     | 16798 ||| SWAPPING to +2 antimagic broad axe.
 16855 | D:13     | Found a gate to the Vaults.
 16886 | D:13     | 16886 ||| Stepping ~*~*~tactically~*~*~ (hiding).
 16887 | D:13     | 16887 ||| Stepping ~*~*~tactically~*~*~ (stealth).
 16909 | D:13     | 16909 ||| INVOKING Heroism.
 16913 | D:13     | Reached skill level 12 in Shields
 17252 | D:14     | 17252 ||| READING scroll of brand weapon.
 17252 | D:14     | 17252 ||| BRANDING +2 antimagic broad axe.
 17352 | D:14     | 17352 ||| DROPPING +0 antimagic war axe.
 17394 | D:14     | 17394 ||| Stepping ~*~*~tactically~*~*~ (hiding).
 17396 | D:14     | 17396 ||| Stepping ~*~*~tactically~*~*~ (hiding).
 17397 | D:14     | 17397 ||| Stepping ~*~*~tactically~*~*~ (hiding).
 17421 | D:14     | 17421 ||| Stepping ~*~*~tactically~*~*~ (hiding).
 17628 | D:14     | 17628 ||| INVOKING Heroism.
 17656 | D:14     | 17656 ||| INVOKING Heroism.
 17760 | D:14     | 17760 ||| INVOKING Heroism.
 17761 | D:14     | 17761 ||| SWAPPING to +3 war axe of flaming.
 17767 | D:14     | 17767 ||| SWAPPING to +2 heavy broad axe.
 17776 | D:14     | 17776 ||| INVOKING Finesse.
 17780 | D:14     | 17780 ||| SWAPPING to +3 war axe of flaming.
 17785 | D:14     | 17785 ||| SWAPPING to +2 heavy broad axe.
 17833 | D:14     | Identified the +7 flail "Momm" {heavy, rF+ rN+}
 17933 | D:15     | Entered Level 15 of the Dungeon
 17963 | D:15     | Reached skill level 16 in Axes
 17981 | D:15     | Identified the +10 long sword of Insufficient Pleasure
                  | {flame, rN+ Str+3}
 18063 | D:15     | 18063 ||| Stepping ~*~*~tactically~*~*~ (hiding).
 18064 | D:15     | 18064 ||| Stepping ~*~*~tactically~*~*~ (hiding).
 18105 | D:15     | Found Cirioh's Book Emporium.
 18142 | D:15     | Found Jekk's Jewellery Shoppe.
 18146 | D:15     | 18146 ||| BUYING amulet of faith (560 gold).
 18146 | D:15     | Bought an amulet of faith for 560 gold pieces
 18146 | D:15     | 18146 ||| BUYING ring "Dufiywnushu" {Fire rElec rPois
                  | Dex+2} (663 gold).
 18146 | D:15     | Bought the ring "Dufiywnushu" {Fire rElec rPois Dex+2} for
                  | 663 gold pieces
 18146 | D:15     | 18146 ||| BUYING ring of Qyamyq {Ice rN+ Dex+3} (595 gold).
 18146 | D:15     | Bought the ring of Qyamyq {Ice rN+ Dex+3} for 595 gold
                  | pieces
 18146 | D:15     | 18146 ||| BUYING ring of protection from fire (350 gold).
 18146 | D:15     | Bought a ring of protection from fire for 350 gold pieces
 18146 | D:15     | 18146 ||| BUYING ring of resist corrosion (280 gold).
 18146 | D:15     | Bought a ring of resist corrosion for 280 gold pieces
 18166 | D:15     | Found Anues's General Store.
 18174 | D:15     | 18174 ||| BUYING 2 potions of curing (78 gold).
 18174 | D:15     | Bought 2 potions of curing for 78 gold pieces
 18174 | D:15     | 18174 ||| SHOPLISTING amulet of reflection (390 gold, have
                  | 33).
 18174 | D:15     | 18174 ||| SHOPLISTING potion of resistance (130 gold, have
                  | 33).
 18174 | D:15     | 18174 ||| SHOPLISTING scroll of brand weapon (123 gold,
                  | have 33).
 18174 | D:15     | 18174 ||| SHOPLISTING scroll of teleportation (39 gold,
                  | have 33).
 18237 | D:15     | Received a gift from Okawaru
 18277 | D:15     | Found a white marble altar of Elyvilon.
 18298 | D:15     | Reached skill level 3 in Dodging
 18310 | D:15     | 18310 ||| INVOKING Heroism.
 18315 | D:15     | Received a gift from Okawaru
 18318 | D:15     | 18318 ||| Stepping ~*~*~tactically~*~*~ (hiding).
 18327 | D:15     | HP: 15/96 [mirror damage (19)]
 18430 | D:15     | 18430 ||| Stepping ~*~*~tactically~*~*~ (hiding).
 18508 | D:15     | 18508 ||| Stepping ~*~*~tactically~*~*~ (stealth).
 18510 | D:15     | 18510 ||| INVOKING Heroism.
 18654 | D:15     | 18654 ||| INVOKING Heroism.
 18765 | D:15     | 18765 ||| Stepping ~*~*~tactically~*~*~ (hiding).
 18766 | D:15     | 18766 ||| INVOKING Heroism.
 18783 | D:15     | 18783 ||| Stepping ~*~*~tactically~*~*~ (stealth).
 18784 | D:15     | Paralysed by an orc sorcerer for 3 turns
 18791 | D:15     | Reached skill level 12 in Armour
 18810 | D:15     | 18810 ||| Stepping ~*~*~tactically~*~*~ (stealth).
 18811 | D:15     | 18811 ||| Stepping ~*~*~tactically~*~*~ (stealth).
 18824 | D:15     | Received a gift from Okawaru
 18827 | D:15     | Found a staircase to the Depths.
 18936 | D:15     | 18936 ||| FLEEEEING.
 18940 | D:15     | 18940 ||| FLEEEEING.
 18941 | D:15     | 18941 ||| FLEEEEING.
 18942 | D:15     | 18942 ||| FLEEEEING.
 18943 | D:15     | 18943 ||| FLEEEEING.
 18944 | D:15     | 18944 ||| FLEEEEING.
 18947 | D:15     | 18947 ||| FLEEEEING.
 18948 | D:15     | 18948 ||| FLEEEEING.
 18949 | D:15     | 18949 ||| FLEEEEING.
 18950 | D:15     | 18950 ||| FLEEEEING.
 19136 | D:15     | Found Ylok's General Store.
 19145 | D:15     | 19145 ||| SHOPLISTING ring of positive energy (260 gold,
                  | have 83).
 19145 | D:15     | 19145 ||| SHOPLISTING scarf of resistance (416 gold, have
                  | 83).
 19179 | D:15     | 19179 ||| PLANNING ORC
 19179 | D:15     | 19179 ||| DROPPING +1 pair of gloves.
 19180 | D:15     | 19180 ||| UPGRADING to amulet of faith.
 19190 | D:15     | 19190 ||| UPGRADING to ring of protection from fire.
 19192 | D:15     | 19192 ||| UPGRADING to +2 scale mail "Urioq" {-Cast rC++
                  | Regen+}.
 19354 | Orc:1    | Entered Level 1 of the Orcish Mines
 19407 | Orc:2    | Entered Level 2 of the Orcish Mines
 19408 | Orc:2    | 19408 ||| INVOKING Heroism.
 19415 | Orc:2    | Received a gift from Okawaru
 19423 | Orc:2    | 19423 ||| Stepping ~*~*~tactically~*~*~ (hiding).
 19427 | Orc:2    | Reached XP level 16. HP: 101/101 MP: 23/23
 19440 | Orc:2    | 19440 ||| Stepping ~*~*~tactically~*~*~ (hiding).
 19505 | Orc:2    | 19505 ||| INVOKING Heroism.
 19511 | Orc:2    | 19511 ||| Stepping ~*~*~tactically~*~*~ (hiding).
 19524 | Orc:2    | 19524 ||| INVOKING Finesse.
 19632 | Orc:2    | 19632 ||| DROPPING +0 plate armour.
 19633 | Orc:2    | 19633 ||| UPGRADING to +0 plate armour of fire resistance.
 19643 | Orc:2    | 19643 ||| UPGRADING to +1 plate armour of cold resistance.
 19663 | Orc:1    | 19663 ||| INVOKING Heroism.
 19702 | Orc:1    | 19702 ||| INVOKING Heroism.
 19703 | Orc:1    | 19703 ||| Stepping ~*~*~tactically~*~*~ (hiding).
 19704 | Orc:1    | 19704 ||| Stepping ~*~*~tactically~*~*~ (hiding).
 19940 | Orc:2    | 19940 ||| Stepping ~*~*~tactically~*~*~ (stealth).
 19943 | Orc:2    | 19943 ||| Stepping ~*~*~tactically~*~*~ (hiding).
 19946 | Orc:2    | 19946 ||| Stepping ~*~*~tactically~*~*~ (hiding).
 19947 | Orc:2    | 19947 ||| Stepping ~*~*~tactically~*~*~ (hiding).
 20200 | Orc:2    | 20200 ||| Stepping ~*~*~tactically~*~*~ (hiding).
 20202 | Orc:2    | 20202 ||| Stepping ~*~*~tactically~*~*~ (hiding).
 20205 | Orc:2    | 20205 ||| INVOKING Heroism.
 20209 | Orc:2    | 20209 ||| Stepping ~*~*~tactically~*~*~ (hiding).
 20223 | Orc:2    | HP: 11/101 [orc knight/+0 war axe (25)]
 20224 | Orc:2    | 20224 ||| READING 9 scrolls of teleportation.
 20224 | Orc:2    | HP: 1/101 [orc knight/+0 war axe (10)]
 20225 | Orc:2    | 20225 ||| DRINKING potion of heal wounds.
 20454 | Orc:2    | 20454 ||| Stepping ~*~*~tactically~*~*~ (stealth).
 20455 | Orc:2    | 20455 ||| Stepping ~*~*~tactically~*~*~ (stealth).
 20456 | Orc:2    | 20456 ||| Stepping ~*~*~tactically~*~*~ (stealth).
 20468 | Orc:2    | 20468 ||| Stepping ~*~*~tactically~*~*~ (hiding).
 20470 | Orc:2    | 20470 ||| INVOKING Heroism.
 20493 | Orc:2    | 20493 ||| Stepping ~*~*~tactically~*~*~ (hiding).
 20499 | Orc:2    | 20499 ||| INVOKING Heroism.
 20511 | Orc:2    | 20511 ||| Stepping ~*~*~tactically~*~*~ (hiding).
 20512 | Orc:2    | 20512 ||| Stepping ~*~*~tactically~*~*~ (hiding).
 20671 | Orc:2    | Found Sinasioz's Antique Armour Emporium.
 20671 | Orc:2    | Found Ewicu's Armour Shop.
 20673 | Orc:2    | Found Fivuggoh's Jewellery Emporium.
 20673 | Orc:2    | Found Hetaliro's Book Shop.
 20679 | Orc:2    | 20679 ||| BUYING pair of embroidered gloves (240 gold).
 20679 | Orc:2    | Bought a pair of embroidered gloves for 240 gold pieces
 20679 | Orc:2    | 20679 ||| BUYING twisted chain mail (304 gold).
 20679 | Orc:2    | Bought a twisted chain mail for 304 gold pieces
 20679 | Orc:2    | Identified the +5 chain mail of Happiness {Int+3} (You
                  | bought it in a shop on level 2 of the Orcish Mines)
 20682 | Orc:2    | 20682 ||| SHOPLISTING +4 ring of protection (432 gold, have
                  | 240).
 20682 | Orc:2    | 20682 ||| SHOPLISTING +6 ring of strength (432 gold, have
                  | 240).
 20682 | Orc:2    | 20682 ||| SHOPLISTING ring of Rour {Drain rElec rN+ Dex+2
                  | SInv} (381 gold, have 240).
 20685 | Orc:2    | 20685 ||| SHOPLISTING +0 crystal plate armour of Mutualism
                  | {rF+ Will+ Slay+6} (1985 gold, have 240).
 20685 | Orc:2    | 20685 ||| SHOPLISTING +0 ring mail of Cini {Rampage rCorr
                  | Str+4} (425 gold, have 240).
 20685 | Orc:2    | 20685 ||| SHOPLISTING +1 plate armour of willpower (595
                  | gold, have 240).
 20685 | Orc:2    | 20685 ||| SHOPLISTING +2 pair of boots of rampaging (365
                  | gold, have 240).
 20685 | Orc:2    | 20685 ||| SHOPLISTING +6 plate armour of the Forest {rF++
                  | rC- Str+4 Slay-2} (1198 gold, have 240).
 20705 | Orc:2    | Found a staircase to the Elven Halls.
 20816 | Orc:2    | 20816 ||| DROPPING +1 pair of gloves of dexterity.
 20817 | Orc:2    | 20817 ||| DROPPING +5 chain mail of Happiness {Int+3}.
 20826 | Orc:1    | Found Yklesow's Magic Scroll Shop.
 20829 | Orc:1    | 20829 ||| BUYING scroll of enchant armour (127 gold).
 20829 | Orc:1    | Bought a scroll of enchant armour for 127 gold pieces
 20829 | Orc:1    | 20829 ||| SHOPLISTING scroll of enchant armour (127 gold,
                  | have 113).
 20829 | Orc:1    | 20829 ||| SHOPLISTING scroll of enchant weapon (127 gold,
                  | have 113).
 20829 | Orc:1    | 20829 ||| BUYING scroll of identify (34 gold).
 20829 | Orc:1    | Bought a scroll of identify for 34 gold pieces
 20829 | Orc:1    | 20829 ||| BUYING scroll of teleportation (51 gold).
 20829 | Orc:1    | Bought a scroll of teleportation for 51 gold pieces
 20829 | Orc:1    | 20829 ||| SHOPLISTING scroll of teleportation (51 gold,
                  | have 28).
 20842 | Orc:1    | 20842 ||| INVOKING Heroism.
 20850 | Orc:1    | 20850 ||| Stepping ~*~*~tactically~*~*~ (hiding).
 20852 | Orc:1    | 20852 ||| Stepping ~*~*~tactically~*~*~ (hiding).
 20853 | Orc:1    | 20853 ||| Stepping ~*~*~tactically~*~*~ (hiding).
 20854 | Orc:1    | 20854 ||| Stepping ~*~*~tactically~*~*~ (hiding).
 20865 | Orc:1    | 20865 ||| Stepping ~*~*~tactically~*~*~ (stealth).
 20931 | Orc:1    | 20931 ||| READING scroll of enchant armour.
 20931 | Orc:1    | 20931 ||| ENCHANTING +0 helmet.
 21076 | Orc:1    | 21076 ||| DROPPING scarf of harm.
 21129 | Orc:2    | 21129 ||| PLANNING SPIDER:1-3
 21264 | Spider:1 | Entered Level 1 of the Spider Nest
 21316 | Spider:1 | 21316 ||| DRINKING 3 potions of curing.
 21316 | Spider:1 | 21316 ||| (to cure confusion)
 21319 | Spider:1 | 21319 ||| DRINKING 2 potions of curing.
 21319 | Spider:1 | 21319 ||| (to cure confusion)
 21323 | Spider:1 | 21323 ||| INVOKING Heroism.
 21326 | Spider:1 | 21326 ||| DRINKING potion of curing.
 21326 | Spider:1 | 21326 ||| (to cure confusion)
 21332 | Spider:1 | Reached skill level 17 in Axes
 21525 | Spider:1 | 21525 ||| INVOKING Heroism.
 21652 | Spider:1 | 21652 ||| INVOKING Heroism.
 21846 | Spider:1 | 21846 ||| Stepping ~*~*~tactically~*~*~ (stealth).
 21939 | Spider:1 | 21939 ||| Stepping ~*~*~tactically~*~*~ (stealth).
 21960 | Spider:1 | 21960 ||| FLEEEEING.
 21961 | Spider:1 | 21961 ||| FLEEEEING.
 21962 | Spider:1 | 21962 ||| FLEEEEING.
 21963 | Spider:1 | 21963 ||| FLEEEEING.
 21964 | Spider:1 | 21964 ||| FLEEEEING.
 21965 | Spider:1 | 21965 ||| FLEEEEING.
 21966 | Spider:1 | 21966 ||| FLEEEEING.
 21967 | Spider:1 | 21967 ||| FLEEEEING.
 21968 | Spider:1 | 21968 ||| FLEEEEING.
 21969 | Spider:1 | 21969 ||| FLEEEEING.
 21970 | Spider:1 | 21970 ||| FLEEEEING.
 21971 | Spider:1 | 21971 ||| FLEEEEING.
 21972 | Spider:1 | 21972 ||| FLEEEEING.
 21973 | Spider:1 | 21973 ||| FLEEEEING.
 21974 | Spider:1 | 21974 ||| FLEEEEING.
 21975 | Spider:1 | 21975 ||| FLEEEEING.
 21976 | Spider:1 | 21976 ||| FLEEEEING.
 21977 | Spider:1 | 21977 ||| FLEEEEING.
 21978 | Spider:1 | 21978 ||| FLEEEEING.
 21979 | Spider:1 | 21979 ||| FLEEEEING.
 21980 | Spider:1 | 21980 ||| FLEEEEING.
 21981 | Spider:1 | 21981 ||| FLEEEEING.
 21982 | Spider:1 | 21982 ||| FLEEEEING.
 21983 | Spider:1 | 21983 ||| FLEEEEING.
 22048 | Spider:1 | 22048 ||| Stepping ~*~*~tactically~*~*~ (stealth).
 22086 | Spider:1 | 22086 ||| Stepping randomly (disturbance).
 22087 | Spider:1 | 22087 ||| UPGRADING to +4 ring of protection.
 22245 | Spider:1 | 22245 ||| Stepping ~*~*~tactically~*~*~ (stealth).
 22247 | Spider:1 | Received a gift from Okawaru
 22268 | Spider:1 | 22268 ||| Stepping ~*~*~tactically~*~*~ (stealth).
 22302 | Spider:1 | 22302 ||| INVOKING Heroism.
 22303 | Spider:1 | 22303 ||| Stepping ~*~*~tactically~*~*~ (stealth).
 22321 | Spider:1 | Received a gift from Okawaru
 22405 | Spider:1 | 22405 ||| Stepping ~*~*~tactically~*~*~ (stealth).
 22407 | Spider:1 | 22407 ||| Stepping ~*~*~tactically~*~*~ (stealth).
 22409 | Spider:1 | 22409 ||| INVOKING Heroism.
 22483 | Spider:1 | 22483 ||| Stepping ~*~*~tactically~*~*~ (stealth).
 22485 | Spider:1 | 22485 ||| Stepping ~*~*~tactically~*~*~ (stealth).
 22836 | Spider:1 | 22836 ||| UPGRADING to +2 pair of boots.
 22846 | Spider:1 | 22846 ||| DROPPING +1 pair of boots.
 22896 | Spider:2 | 22896 ||| INVOKING Heroism.
 22981 | Spider:2 | 22981 ||| FLEEEEING.
 22982 | Spider:2 | 22982 ||| FLEEEEING.
 23025 | Spider:2 | 23025 ||| INVOKING Heroism.
 23215 | Spider:2 | 23215 ||| Stepping ~*~*~tactically~*~*~ (stealth).
 23239 | Spider:2 | 23239 ||| Stepping ~*~*~tactically~*~*~ (stealth).
 23241 | Spider:2 | 23241 ||| Stepping ~*~*~tactically~*~*~ (stealth).
 23242 | Spider:2 | 23242 ||| Stepping ~*~*~tactically~*~*~ (stealth).
 23268 | Spider:2 | Received a gift from Okawaru
 23271 | Spider:2 | 23271 ||| INVOKING Heroism.
 23396 | Spider:2 | Reached skill level 18 in Axes
 23480 | Spider:2 | Noticed Frances
 23481 | Spider:2 | 23481 ||| INVOKING Heroism.
 23499 | Spider:2 | HP: 23/104 [ice devil[Frances] (4)]
 23500 | Spider:2 | 23500 ||| READING 10 scrolls of teleportation.
 23502 | Spider:2 | Killed Frances
 23516 | Spider:2 | 23516 ||| READING 9 scrolls of teleportation.
 23517 | Spider:2 | 23517 ||| INVOKING Heroism.
 23559 | Spider:2 | 23559 ||| INVOKING Heroism.
 23561 | Spider:2 | HP: 12/104 [disintegration (24)]
 23562 | Spider:2 | 23562 ||| READING 8 scrolls of teleportation.
 23595 | Spider:2 | 23595 ||| INVOKING Heroism.
 23596 | Spider:2 | 23596 ||| READING 7 scrolls of teleportation.
 23903 | Spider:2 | 23903 ||| DROPPING +1 pair of gloves of stealth.
 23904 | Spider:2 | 23904 ||| READING scroll labelled RYSOYZISAO.
 23905 | Spider:2 | 23905 ||| READING scroll labelled RARUOKHLORUTS.
 23926 | Spider:2 | 23926 ||| Stepping ~*~*~tactically~*~*~ (stealth).
 24371 | Spider:3 | 24371 ||| Stepping ~*~*~tactically~*~*~ (stealth).
 24372 | Spider:3 | 24372 ||| Stepping ~*~*~tactically~*~*~ (stealth).
 24374 | Spider:3 | 24374 ||| Stepping ~*~*~tactically~*~*~ (stealth).
 24387 | Spider:3 | 24387 ||| INVOKING Heroism.
 24496 | Spider:3 | 24496 ||| Stepping ~*~*~tactically~*~*~ (stealth).
 24503 | Spider:3 | Reached XP level 17. HP: 108/108 MP: 24/24
 24546 | Spider:3 | Received a gift from Okawaru
 24557 | Spider:3 | 24557 ||| FLEEEEING.
 24558 | Spider:3 | 24558 ||| FLEEEEING.
 24559 | Spider:3 | 24559 ||| FLEEEEING.
 24560 | Spider:3 | 24560 ||| FLEEEEING.
 24561 | Spider:3 | 24561 ||| FLEEEEING.
 24562 | Spider:3 | 24562 ||| FLEEEEING.
 24563 | Spider:3 | 24563 ||| FLEEEEING.
 24569 | Spider:3 | 24569 ||| FLEEEEING.
 24572 | Spider:3 | 24572 ||| STAIRDANCE
 24646 | Spider:3 | 24646 ||| STAIRDANCE
 24650 | Spider:3 | 24650 ||| STAIRDANCE
 24654 | Spider:3 | 24654 ||| STAIRDANCE
 24721 | Spider:3 | 24721 ||| Stepping ~*~*~tactically~*~*~ (hiding).
 24840 | Spider:3 | 24840 ||| Stepping ~*~*~tactically~*~*~ (stealth).
 24842 | Spider:3 | 24842 ||| INVOKING Heroism.
 24843 | Spider:3 | 24843 ||| INVOKING Finesse.
 24999 | Spider:3 | 24999 ||| Stepping ~*~*~tactically~*~*~ (stealth).
 25003 | Spider:3 | 25003 ||| Stepping ~*~*~tactically~*~*~ (stealth).
 25017 | Spider:3 | 25017 ||| Stepping ~*~*~tactically~*~*~ (stealth).
 25040 | Spider:3 | 25040 ||| INVOKING Heroism.
 25060 | Spider:3 | 25060 ||| INVOKING Finesse.
 25069 | Spider:3 | Received a gift from Okawaru
 25211 | Spider:3 | 25211 ||| Stepping ~*~*~tactically~*~*~ (stealth).
 25212 | Spider:3 | 25212 ||| Stepping ~*~*~tactically~*~*~ (stealth).
 25213 | Spider:3 | 25213 ||| Stepping ~*~*~tactically~*~*~ (stealth).
 25237 | Spider:3 | HP: 27/111 [something (2)]
 25243 | Spider:3 | HP: 22/111 [something (6)]
 25245 | Spider:3 | HP: 3/111 [something (13)]
 25741 | Spider:3 | Received a gift from Okawaru
 26268 | Spider:3 | 26268 ||| PLANNING SHOALS:1-3
 26268 | Spider:3 | 26268 ||| UPGRADING to scarf "Igeot" {shadows, rC- Str-2
                  | Dex+8}.
 26394 | Shoals:1 | Entered Level 1 of the Shoals
 26394 | Shoals:1 | Noticed Louise
 26394 | Shoals:1 | You are sucked into a shaft and drop 1 floor!
 26446 | Shoals:2 | 26446 ||| INVOKING Heroism.
 26464 | Shoals:2 | HP: 22/111 [merfolk/+0 trident[a merfolk impaler] (12)]
 26465 | Shoals:2 | 26465 ||| READING 7 scrolls of teleportation.
 26471 | Shoals:2 | 26471 ||| READING 6 scrolls of teleportation.
 26476 | Shoals:2 | 26476 ||| READING 5 scrolls of teleportation.
 26481 | Shoals:2 | 26481 ||| INVOKING Finesse.
 26483 | Shoals:2 | 26483 ||| INVOKING Heroism.
 26491 | Shoals:2 | HP: 17/111 [satyr/arrow (15)]
 26492 | Shoals:2 | 26492 ||| READING 4 scrolls of teleportation.
 26495 | Shoals:2 | 26495 ||| READING 3 scrolls of teleportation.
 26498 | Shoals:2 | HP: 16/111 [merfolk/+0 glaive[a merfolk impaler] (3)]
 26501 | Shoals:2 | 26501 ||| READING 2 scrolls of teleportation.
 26506 | Shoals:2 | 26506 ||| READING scroll of teleportation.
 26509 | Shoals:2 | Noticed Kirke
 26518 | Shoals:2 | 26518 ||| DRINKING 5 potions of cancellation.
 26530 | Shoals:2 | HP: 24/111 [manticore[Kirke] (4)]
 26531 | Shoals:2 | Killed Kirke
 26532 | Shoals:2 | 26532 ||| INVOKING Heroism.
 26532 | Shoals:2 | HP: 10/111 [merfolk/+0 glaive[a merfolk impaler] (3)]
 26535 | Shoals:2 | Slain by a merfolk

Levels and vault maps discovered:
D:1:      co_arrival_square_in_a_square_in_a_square, layout_basic, serial_shops,
          nicolae_shop_tiny_glass, nicolae_shop_tiny_statue_garden, shop,
          hangedman_decor_growths, st_stairs_7
D:2:      layout_basic, ebering_ecumenical_altar_mist, cheibrodos_gnoll_hut,
          uniq_natasha, uniq_terence, uniq_crazy_yiuf_cottage
D:3:      layout_loops_ring, serial_shops, nicolae_shop_rolling_square,
          uniq_ijyb
D:4:      layout_rooms, serial_shops, nicolae_take_the_stairs, uniq_robin
D:5:      old_forge, layout_basic, minmay_temple_entry_trees, serial_shops,
          kennysheep_mini_moat, kennysheep_opposing_triangles
D:6:      layout_loops_ring, kennysheep_small_circle, uniq_grinder
D:7:      layout_loops_cross, kennysheep_generic_room_10, uniq_duvessa,
          uniq_joseph, uniq_pikel
D:8:      layout_basic, lair_entry_dummy, serial_undead, serial_undead_d,
          serial_undead_e, serial_undead_d, serial_undead_e,
          wad_floor_pattern_untrapped, nicolae_diode_basic
D:9:      layout_big_octagon, gammafunk_temple_overflow_arena,
          minmay_orc_entry_guard_dogs
D:10:     layout_irregular_city, ebering_ghost_disaster_area, uniq_josephine
D:11:     layout_irregular_city, uniq_erica, uniq_psyche
D:12:     layout_roguey, hangedman_stone_soup
D:13:     layout_basic, david_vaults_4, nicolae_titane, uniq_lodul
D:14:     layout_rooms
D:15:     grunt_enter_depths_magical_seal, layout_basic, serial_shops,
          nicolae_shop_hallway_plus, shop, shop,
          nicolae_shop_just_a_little_nook, elyvilon_altar_5
Temple:   mainiacjoe_temple_cubbyholes
Lair:1:   layout_regular_city, lemuel_fruit_tree, serial_bayou_shore_a,
          uniq_amaemon
Lair:2:   layout_chaotic_city, minmay_shoals_entry_lonely_mermaid,
          nicolae_spider_entry_lesser_pyramids, infiniplex_staircase_pool_2
Lair:3:   layout_roguey, serial_bayou_ford_a, lemuel_oklob_altar,
          grunt_megastairs_3
Lair:4:   layout_roguey, slime_entry_1
Lair:5:   due_jungle_book, layout_regular_city, uniq_sonja
Shoals:1: layout_shoals, uniq_louise, uniq_mlioglotl
Shoals:2: layout_shoals, uniq_kirke
Spider:1: layout_cave_pods, nicolae_spider_some_kinda_spiderbox
Spider:2: layout_cave_pods, uniq_frances
Spider:3: nicolae_spider_hilbert_zone_4 [nicolae_spider_hilbert_4_sides_2_open,
          nicolae_spider_hilbert_4_sides_1_open,
          nicolae_spider_hilbert_4_sides_1_open,
          nicolae_spider_hilbert_4_sides_1_open,
          nicolae_spider_hilbert_4_sides_1_open,
          nicolae_spider_hilbert_2_sides_1_open,
          nicolae_spider_hilbert_2_sides_1_open,
          nicolae_spider_hilbert_2_sides_1_open,
          nicolae_spider_hilbert_2_sides_1_open,
          nicolae_spider_hilbert_6_sides_1_open,
          nicolae_spider_hilbert_6_sides_1_open,
          nicolae_spider_hilbert_3_sides_1_open,
          nicolae_spider_hilbert_3_sides_1_open]
Orc:1:    layout_caves, serial_shops, shop, dreamdust_deal_with_the_devil,
          statue_in_the_mist_lemuel
Orc:2:    grunt_orc_tribal_feast, layout_caves, basic_altar

Skill      XL: |  1  2  3  4  5  6  7  8  9 10 11 12 13 14 15 16 17 |
---------------+----------------------------------------------------+-----
Axes           | 2 3 4 5 6 7 8 10 11 12 13 14 15 16 18 | 18.0
Fighting       | 4 5 6 7 9 10 11 12 13 14 | 14.0
Dodging        | 1 2 3 |  3.0
Armour         | 4 5 6 7 8 10 11 12 13 | 13.6
Throwing       | 1 2 4 5 6 7 |  7.5
Invocations    | 2 4 8 10 | 10.0
Shields        | 4 5 6 7 10 13 14 | 14.0

Action                     |  1- 3 |  4- 6 |  7- 9 | 10-12 | 13-15 | 16-18 || total
---------------------------+-------+-------+-------+-------+-------+-------++-------
  Melee: War axe           |    75 |   143 |   239 |   495 |   291 |       ||  1243
         Broad axe         |       |       |       |       |   837 |   566 ||  1403
  Throw: Boomerang         |       |    20 |    53 |       |       |    73 ||   146
         Javelin           |       |       |       |    28 |    42 |    69 ||   139
 Invoke: Heroism           |       |       |     5 |    17 |    28 |    25 ||    75
         Finesse           |       |       |       |     1 |     6 |     4 ||    11
    Use: Scroll            |     7 |     5 |     5 |     7 |     9 |    15 ||    48
         Potion            |       |     2 |     1 |     4 |     2 |     5 ||    14
 Armour: Scale mail        |    28 |    41 |       |       |     5 |    13 ||    87
         Chain mail        |       |    63 |   137 |   331 |    75 |       ||   606
         Plate armour      |       |       |       |       |   706 |   568 ||  1274
  Dodge: Dodged            |    37 |    86 |    85 |   224 |   332 |   223 ||   987
  Block: Buckler           |    18 |    25 |    39 |   130 |   129 |       ||   341
         Kite shield       |       |       |       |       |   305 |   501 ||   806

Table legend:
 A = Non-vault XP
 B = Vault XP
 C = Vault XP percentage of total XP
 D = Non-vault monster count
 E = Vault monster count
 F = Vault count percentage of total count
                 A         B        C        D         E       F
            +---------+---------+-------+---------+---------+-------
      Total |  151128 |   62622 |  29.3 |     613 |     195 |  24.1
            +---------+---------+-------+---------+---------+-------
        D:1 |      35 |       1 |   2.8 |      19 |       1 |   5.0
        D:2 |     127 |      92 |  42.0 |      21 |       5 |  19.2
        D:3 |      74 |      33 |  30.8 |      13 |       1 |   7.1
        D:4 |     357 |      36 |   9.2 |      23 |      12 |  34.3
        D:5 |     879 |     712 |  44.8 |      20 |      17 |  45.9
        D:6 |     469 |     591 |  55.8 |      15 |       4 |  21.1
        D:7 |    1222 |    1432 |  54.0 |      21 |       6 |  22.2
        D:8 |    2063 |     709 |  25.6 |      40 |      13 |  24.5
        D:9 |    2059 |     685 |  25.0 |      14 |       4 |  22.2
       D:10 |    2920 |    1781 |  37.9 |      15 |       5 |  25.0
       D:11 |    4552 |    1080 |  19.2 |      14 |       2 |  12.5
       D:12 |    3799 |     808 |  17.5 |       9 |       8 |  47.1
       D:13 |    7761 |    4197 |  35.1 |      27 |       9 |  25.0
       D:14 |    6851 |       0 |   0.0 |      15 |       0 |   0.0
       D:15 |   18796 |    4162 |  18.1 |      35 |       9 |  20.5
     Lair:1 |    4123 |    1175 |  22.2 |      16 |       2 |  11.1
     Lair:2 |    4497 |    2075 |  31.6 |      17 |       5 |  22.7
     Lair:3 |   12660 |    1596 |  11.2 |      41 |       5 |  10.9
     Lair:4 |    2257 |       0 |   0.0 |       9 |       0 |   0.0
     Lair:5 |   16958 |   14428 |  46.0 |      40 |      31 |  43.7
   Shoals:2 |    6830 |    1715 |  20.1 |      13 |       2 |  13.3
   Spider:1 |   16500 |    5783 |  26.0 |      42 |       9 |  17.6
   Spider:2 |   11933 |    1493 |  11.1 |      31 |       1 |   3.1
   Spider:3 |   16732 |   10572 |  38.7 |      44 |      15 |  25.4
      Orc:1 |    1821 |       0 |   0.0 |      19 |       0 |   0.0
      Orc:2 |    4853 |    7466 |  60.6 |      40 |      29 |  42.0
            +---------+---------+-------+---------+---------+-------
